Map: Kairos Junction LE

Players

iStock - Winner!

  • Race: Zerg Zerg
  • League: Gold
  • Spawn Location: 5:00

EmptyQuiver

  • Race: Zerg Zerg
  • League: Gold
  • Spawn Location: 11:00

VOD

Have the link to the VOD?

Description

Time

  • Played on: Feb. 16, 2019, 10:48 p.m.
  • Length: 11:22
Show
View Real Time Build Order
Export as new Build Order

iStock Zerg - Winner!

Build Orders: Hatch First, Roach Hydra 

Get SALT Encoding   

  12  0:01  Drone  
  13  0:13  Overlord  
  13  0:17  Drone  
  14  0:31  Drone  
  14  0:32  Drone  
  16  0:50  Drone x2  
  18  1:03  Hatchery  
  17  1:10  Spawning Pool  
  16  1:12  Drone  
  17  1:20  Drone  
  17  1:22  Drone  
  19  1:26  Extractor  
  19  1:28  Drone  
  19  2:02  Overlord  
  19  2:08  Drone x2  
  21  2:14  Queen  
  23  2:16  Queen  
  23  2:20  Drone x2  
  27  2:27  Drone x2  
  29  2:39  Drone x2  
  31  2:45  Overlord  
  31  2:51  Drone  
  32  3:01  Queen  
  32  3:05  Lair  
  31  3:10  Drone x4  
  35  3:17  Roach Warren  
  34  3:28  Evolution Chamber  
  33  3:43  Evolution Chamber  
  32  3:51  Drone x7  
  32  3:54  Extractor  
  32  3:55  Zerg Missile Weapons Level 1  
  38  3:56  Extractor  
  37  4:03  Glial Reconstitution  
  37  4:06  Roach x2  
  41  4:23  Drone x3  
  44  4:24  Overlord  
  44  4:25  Overlord x2  
  46  4:45  Roach  
  46  4:46  Roach x5  
  56  4:54  Drone  
  56  4:55  Drone x2  
  56  4:59  Roach x2  
  63  5:22  Roach x2  
  67  5:36  Overlord x2  
  67  5:37  Overlord x2  
  67  5:45  Drone  
  68  5:54  Zerg Ground Armor Level 1, Zerg Missile Weapons Level 2  
  68  5:55  Overlord  
  68  5:56  Overlord  
  68  5:59  Drone x5  
  71  6:15  Hatchery  
  71  6:16  Roach x7  
  82  6:30  Drone x4  
  84  6:43  Hydralisk Den  
  84  6:46  Extractor x2  
  81  6:47  Infestation Pit  
  70  6:58  Roach x6  
  78  7:08  Queen  
  78  7:10  Drone x8  
  88  7:36  Drone x8  
  96  7:53  Drone x2  
  98  8:12  Hatchery  
  97  8:14  Drone  
  97  8:16  Roach x7  
  97  8:17  Roach x5  
  122  8:31  Extractor x2  
  120  8:38  Grooved Spines  
  120  8:43  Drone x2  
  120  8:44  Overlord  
  120  8:45  Overlord x6  
  122  9:06  Roach x2  
  122  9:07  Roach x9  
  144  9:26  Drone x8  
  152  9:38  Hive  
  152  9:41  Hydralisk x11  
  152  9:42  Hydralisk  
  176  9:49  Muscular Augments  
  172  10:01  Roach x4  
  168  10:13  Overlord x5  
  166  10:21  Roach x5  
Show
View Real Time Build Order
Export as new Build Order

EmptyQuiver Zerg 

Build Orders: Hatch First 

Get SALT Encoding   

  12  0:01  Drone  
  13  0:13  Overlord  
  13  0:17  Drone  
  14  0:33  Drone  
  14  0:34  Drone  
  16  0:47  Drone x2  
  18  0:58  Extractor  
  18  0:59  Drone  
  18  1:06  Hatchery  
  17  1:11  Drone  
  18  1:22  Spawning Pool  
  17  1:26  Drone  
  18  1:37  Drone  
  19  2:09  Zergling x2  
  19  2:10  Zergling x2  
  19  2:14  Overlord  
  21  2:17  Queen  
  23  2:23  Drone  
  23  2:24  Drone, Queen  
  27  2:39  Overlord  
  27  2:41  Drone x2  
  29  3:00  Queen  
  29  3:04  Drone  
  29  3:05  Drone x2  
  32  3:11  Drone  
  32  3:12  Drone  
  34  3:15  Zergling x2  
  34  3:17  Metabolic Boost  
  35  3:24  Queen  
  37  3:33  Drone x2  
  37  3:34  Drone  
  40  3:36  Zergling x4  
  42  3:45  Drone  
  42  3:46  Drone  
  42  3:47  Overlord  
  44  3:50  Overlord  
  44  4:10  Drone  
  44  4:11  Drone x3  
  44  4:12  Overlord  
  48  4:21  Hatchery, Queen  
  48  4:22  Roach Warren  
  48  4:28  Lair  
  48  4:32  Drone x3  
  48  4:35  Evolution Chamber  
  50  4:50  Extractor  
  50  4:52  Drone x2  
  51  4:53  Drone  
  51  4:57  Spore Crawler  
  51  4:59  Spore Crawler  
  50  5:00  Zergling x4  
  50  5:22  Roach x4  
  50  5:23  Roach  
  50  5:27  Zergling x4  
  62  5:35  Baneling Nest  
  61  5:38  Drone x3  
  61  5:39  Drone  
  61  5:42  Roach x2  
  71  5:56  Zergling x2  
  68  5:57  Roach x3  
  68  6:02  Overlord x2  
  61  6:12  Roach x3  
  61  6:13  Roach  
  66  6:24  Roach x4  
  66  6:25  Roach  
  70  6:35  Roach x3  
  70  6:36  Roach x2  
  66  6:50  Glial Reconstitution  
  62  6:56  Roach x4  
  62  6:57  Roach  
  72  7:04  Queen  
  72  7:06  Hatchery  
  73  7:11  Queen  
  75  7:18  Zerg Missile Weapons Level 1  
  75  7:26  Ravager, Evolution Chamber  
  75  7:28  Zergling x8  
  79  7:40  Queen  
  81  7:52  Zerg Ground Armor Level 1  
  81  7:58  Extractor  
  80  8:12  Queen  
  80  8:16  Queen  
  84  8:21  Hydralisk Den  
  84  8:23  Zergling x10  
  88  8:27  Baneling  
  88  8:28  Baneling x5  
  88  8:33  Extractor  
  87  8:37  Queen  
  87  8:40  Drone  
  90  8:42  Overlord x4  
  90  8:48  Baneling x5  
  90  9:02  Baneling x3  
  90  9:40  Drone x6  
  90  9:41  Drone x2  
  90  9:43  Overlord  
  90  9:44  Overlord  
  98  9:47  Pneumatized Carapace  
  98  9:51  Drone x3  
  80  10:09  Roach x5  
  80  10:10  Roach x2  
  80  10:11  Hydralisk x2  
  98  10:18  Overseer  
  98  10:30  Drone  
  98  10:31  Drone x2  
  99  10:36  Extractor  
  99  10:37  Extractor  
  99  10:40  Hydralisk  
  99  10:41  Hydralisk x2  
  70  10:52  Zergling x2  
  70  10:53  Zergling x36  
Tags
 
Add a new tag
Caveats
  • Supply blocks, unpowered buildings, or Contaminate may cause inaccurate times.
  • Supply counts are checked every 10 seconds.